 Dungeon Crawl Stone Soup version 0.30.0 (webtiles) character file.

Game seed: 2427232244734416348

578 jagoly the Destroyer (level 7, -5/57 HPs)
             Began as a Meteoran Conjurer on May 19, 2023.
             Slain by Maggie
             ... wielding a +0 glaive
              (17 damage)
             ... on level 6 of the Dungeon.
             The game lasted 00:12:43 (759 turns).

jagoly the Destroyer (Meteoran Conjurer)             Turns: 759, Time: 00:12:43

Health: -5/57      AC:  3    Str:  9    XL:     7   Next: 94%
Magic:  2/21       EV: 14    Int: 21    God:
Gold:   47         SH:  0    Dex: 19    Spells: 5/12 levels left

rFire   . . .        q - +2 flail (protect)
rCold   . . .        (no shield)
rNeg    . . .        a - +0 robe
rPois   .            (no helmet)
rElec   .            (no cloak)
rCorr   .            (no gloves)
SInv    .            u - +0 pair of boots
Will    .....        (no amulet)
Stlth   +            d - ring of magical power
HPRegen 0.29/turn    k - +6 ring of dexterity
MPRegen 0.17/turn

%: no passive effects
@: mesmerised, glowing
A: sense surroundings 1, otherworldly, glowing, explore regen
a: no special abilities


You were on level 6 of the Dungeon.
You visited 1 branch of the dungeon, and saw 6 of its levels.

You collected 79 gold pieces.
You spent 32 gold pieces at shops.

Inventory:

Hand Weapons
 i - a +0 spear
 n - a +1 dagger of speed
 q - a +2 flail of protection (weapon)
Missiles
 l - 3 stones
Armour
 a - a +0 robe (worn)
 u - a +0 pair of boots (worn)
Jewellery
 d - a ring of magical power (left hand)
 k - a +6 ring of dexterity (right hand)
Scrolls
 e - a scroll of enchant weapon
 j - a scroll of magic mapping
 o - 2 scrolls of identify
 r - a scroll of immolation {unknown}
 s - a scroll of fear {unknown}
 t - a scroll of enchant armour {unknown}
Potions
 b - a potion of magic
 c - a potion of curing
 g - a potion of berserk rage {unknown}
 m - a potion of lignification {unknown}
 p - a potion of brilliance {unknown}


   Skills:
 - Level 3.0 Fighting
 - Level 3.5 Dodging
 - Level 2.0 Stealth
 - Level 3.0 Spellcasting
 + Level 8.0 Conjurations
 - Level 4.0 Translocations


You had 5 spell levels left.
You knew the following spells:

 Your Spells              Type           Power      Damage    Failure   Level
a - Magic Dart            Conj           100%       1d8       1%          1
b - Iskenderun's Mystic   Conj/Tloc      28%        2d7       11%         4
c - Searing Ray           Conj           72%        2d7       1%          2

Your spell library contained the following spells:

 Spells                   Type           Power      Damage    Failure   Level
 Dazzling Flash           Conj/Hex       40%        N/A       8%          3
 Fulminant Prism          Conj/Hex       10%        3d8       26%         4


Dungeon Overview and Level Annotations

Branches:
Dungeon (6/15) Zot: 2841
 Temple: D:4-7

Altars:
Dithmenos

Shops:
D:3 [[*

Annotations:
D:6 Maggie


Innate Abilities, Weirdness & Mutations

You passively map a small area around you.
You are easily found by Zot.
You glow in the dark.
You regain HP and MP as you explore.


Message History

Cast which spell? (? or * to list)
Aiming: Searing Ray (safe; 1% risk of failure)
Press: ? - help, Shift-Dir - straight line, f - orc
Aim: an orc, wielding a +0 whip (asleep, 100% to hit)
The searing ray hits the orc!
You kill the orc! (Press . to maintain the ray.)
Found 16 gold pieces.
A gnoll comes into view.
It is wielding a +2 flail of protection.
The gnoll shouts!
You hear a shout!
You see here a sedimented golden potion.
Cast which spell? (? or * to list)
Aiming: Magic Dart (safe; 1% risk of failure)
Press: ? - help, Shift-Dir - straight line, f - gnoll
Aim: a gnoll, wielding a +2 flail of protection (100% to hit)
The magic dart hits the gnoll but does no damage.
Cast which spell? (? or * to list)
Aiming: Searing Ray (safe; 1% risk of failure)
Press: ? - help, Shift-Dir - straight line, f/p - gnoll
Aim: a gnoll, wielding a +2 flail of protection (83% to hit)
The searing ray misses the gnoll. (Press . to maintain the ray.)
The searing ray hits the gnoll.
The gnoll is moderately wounded.
The searing ray hits the gnoll.
The gnoll is heavily wounded.
The searing ray hits the gnoll.
The gnoll is severely wounded.
You finish channelling your searing ray.
The gnoll closely misses you.
Cast which spell? (? or * to list)
Aiming: Searing Ray (safe; 1% risk of failure)
Press: ? - help, Shift-Dir - straight line, f/p - gnoll
Aim: a gnoll, wielding a +2 flail of protection (severely wounded, 83% to hit)
The searing ray hits the gnoll.
You kill the gnoll! (Press . to maintain the ray.)
c - 4 sedimented golden potions (gained 1)
Things that are here:
a +2 flail of protection; a gnoll corpse
q - a +2 flail of protection
Okay, then.
You see here a +0 whip.
A gnoll bouda comes into view. It is wielding a +0 whip.
The gnoll bouda barks out a call to the hunt!
You see here a scroll labelled SOGUOPNETOPH.
o - 3 scrolls labelled SOGUOPNETOPH (gained 1) Cast which spell? (? or * to list)
You can't see any susceptible monsters within range! (Use Z to cast anyway.)
Your +2 flail of protection hums with potential!
q - a +2 flail of protection (weapon)
Cast which spell? (? or * to list)
Aiming: Searing Ray (safe; 1% risk of failure)
Press: ? - help, Shift-Dir - straight line, f - gnoll bouda
Aim: a gnoll bouda, wielding a +0 whip and wearing a +0 robe (83% to hit)
The searing ray hits the gnoll bouda!
The gnoll bouda is moderately wounded. (Press . to maintain the ray.)
A gnoll comes into view. It is wielding a +0 halberd.
The searing ray hits the gnoll bouda!
You kill the gnoll bouda!
The gnoll shouts!
A gnoll comes into view. It is wielding a +0 spear.
You have reached level 6!
You feel stronger.
The gnoll shouts!
Cast which spell? (? or * to list)
Aiming: Searing Ray (safe; 1% risk of failure)
Press: ? - help, Shift-Dir - straight line, f - gnoll
Aim: a gnoll, wielding a +0 halberd (covering ground quickly, 83% to hit)
The searing ray hits the gnoll!
The gnoll is severely wounded. (Press . to maintain the ray.)
The searing ray hits the gnoll!
You kill the gnoll!
Cast which spell? (? or * to list) Restarting spell: Searing Ray (safe; 1% risk of failure)
Press: ? - help, Shift-Dir - straight line, f - gnoll
Aim: a gnoll, wielding a +0 spear (83% to hit)
The searing ray hits the gnoll!
The gnoll is heavily wounded. (Press . to maintain the ray.)
The searing ray hits the gnoll!
You kill the gnoll!
Okay, then.
This spell is quite dangerous to cast!
Memorise Iskenderun's Mystic Blast, consuming 4 spell levels and leaving 4?
You start memorising the spell.
You continue memorising. x4
You finish memorising.
Spell assigned to 'b'.
Items here: )) [ ††.
Okay, then.
You now have 34 gold pieces (gained 16).
You open the door.
There is an open door here.
A quokka comes into view.
Found a ring mail.
Cast which spell? (? or * to list)
Aiming: Magic Dart (safe; 1% risk of failure)
Press: ? - help, Shift-Dir - straight line, f - quokka
Aim: a quokka (100% to hit)
The magic dart hits the quokka.
The quokka is severely wounded.
Cast which spell? (? or * to list)
Aiming: Magic Dart (safe; 1% risk of failure)
Press: ? - help, Shift-Dir - straight line, f/p - quokka
Aim: a quokka (severely wounded, 100% to hit)
The magic dart hits the quokka!
You kill the quokka!
You open the door.
There is an open door here.
A hound comes into view.
The hound barks!
Cast which spell? (? or * to list)
Aiming: Searing Ray (safe; 1% risk of failure)
Press: ? - help, Shift-Dir - straight line, f - hound
Aim: a hound (73% to hit)
The searing ray hits the hound!
The hound is severely wounded. (Press . to maintain the ray.)
The searing ray hits the hound.
You kill the hound!
Training target 8.0 for Conjurations reached!
Your Conjurations skill increases to level 8!
Your Translocations skill increases to level 1!
Found a stone staircase leading down.
Found a scroll labelled PELUDUMNAROL.
r - a scroll labelled PELUDUMNAROL You open the door.
Found 4 stones.
Found 13 gold pieces.
There is an open door here.
You now have 47 gold pieces (gained 13).
You open the door.
There is an open door here.
There is a stone staircase leading down here.
You climb downwards.
There is a stone staircase leading up here.
You open the door.
Found a shadowy altar of Dithmenos.
Found a glowing whip.
There is an open door here.
There is a shadowy altar of Dithmenos here.
You see here a +3 whip.
You open the door.
There is an open door here.
Found a stone staircase leading up.
Found a scroll labelled ZAICVIPHUN.
There is a stone staircase leading up here.
s - a scroll labelled ZAICVIPHUN
There is a stone staircase leading up here.
You climb upwards.
The black bear growls angrily.
Found 6 stones, a scroll labelled HELEDO LAOMOF and a pair of boots.
There is a stone staircase leading down here.
Cast which spell? (? or * to list)
Aiming: Searing Ray (safe; 1% risk of failure)
Press: ? - help, Shift-Dir - straight line, f - black bear
Aim: a black bear (86% to hit)
The searing ray hits the black bear.
The black bear is lightly wounded. (Press . to maintain the ray.)
The searing ray hits the black bear.
The black bear is moderately wounded.
The searing ray misses the black bear.
The black bear bites you. The black bear closely misses you.
The black bear claws you but does no damage.
The searing ray hits the black bear.
The black bear is heavily wounded.
You finish channelling your searing ray.
The black bear bites you. The black bear claws you.
The black bear barely misses you.
Cast which spell? (? or * to list)
Aiming: Searing Ray (safe; 1% risk of failure)
Press: ? - help, Shift-Dir - straight line, f/p - black bear
Aim: a black bear (heavily wounded, 86% to hit)
The searing ray hits the black bear!
The black bear is almost dead. (Press . to maintain the ray.)
The black bear barely misses you. The black bear claws you. x2
The searing ray hits the black bear!
You kill the black bear!
Your Translocations skill gained 2 levels and is now at level 3!
You have reached level 7!
t - a scroll labelled HELEDO LAOMOF A hound comes into view.
Cast which spell? (? or * to list)
Aiming: Searing Ray (safe; 1% risk of failure)
Press: ? - help, Shift-Dir - straight line, f - hound
Aim: a hound (wandering, hasn't noticed you, 73% to hit)
The searing ray hits the hound.
The hound is moderately wounded.
The hound barks! (Press . to maintain the ray.)
The searing ray hits the hound.
The hound is severely wounded.
The searing ray hits the hound.
The hound is almost dead.
The hound bites you but does no damage. The hound closely misses you.
The searing ray hits the hound!
You kill the hound!
You finish channelling your searing ray.
You see here a +0 pair of boots.
You start putting on your armour.
You continue putting on your +0 pair of boots. x4
You finish putting on your +0 pair of boots.
There is a stone staircase leading down, spattered with blood here.
You climb downwards.
There is a stone staircase leading up here.
An orc comes into view. It is wielding a +0 short sword.
Found 3 gold pieces.
The orc shouts!
An orc warrior comes into view. It is wielding a +0 scimitar.
The orc warrior shouts!
Cast which spell? (? or * to list)
Aiming: Searing Ray (safe; 1% risk of failure)
Press: ? - help, Shift-Dir - straight line, f - orc
Aim: an orc, wielding a +0 short sword and wearing a +0 leather armour (81% to hit)
The searing ray hits the orc.
The orc is severely wounded. (Press . to maintain the ray.)
An orc wizard comes into view. It is wielding a +0 dagger.
Cast which spell? (? or * to list)
Okay, then.
The searing ray hits the orc!
You kill the orc!
The orc wizard shouts!
An orc comes into view. It is wielding a +0 falchion.
Press: ? - help, v - describe, . - travel
Here: an orc warrior, wielding a +0 scimitar and wearing a +0 chain mail The floor.
Unknown command.
An orc wizard comes into view. It is wielding a +0 dagger.
The orc wizard shouts!
Cast which spell? (? or * to list)
Aiming: Searing Ray (safe; 1% risk of failure)
Press: ? - help, Shift-Dir - straight line The searing ray hits the orc warrior!
The orc warrior is moderately wounded. (Press . to maintain the ray.)
The searing ray hits the orc warrior.
The orc warrior is heavily wounded.
The orc wizard casts a spell.
The orc wizard flickers and vanishes!
Deactivating autopickup; reactivate with Ctrl-A.
The searing ray hits the orc warrior!
The orc warrior is almost dead.
The orc warrior hits you with a +0 scimitar!
The searing ray hits the orc warrior but does no damage.
The orc warrior is almost dead.
The searing ray hits something!
The searing ray hits the orc.
The orc is moderately wounded.
You finish channelling your searing ray.
The orc warrior barely misses you.
The orc wizard gestures wildly while chanting.
The orc wizard flickers and vanishes!
Cast which spell? (? or * to list)
Aiming: Searing Ray (safe; 1% risk of failure)
Press: ? - help, Shift-Dir - straight line The searing ray hits the orc warrior but does no damage.
The orc warrior is almost dead.
The searing ray misses the orc. (Press . to maintain the ray.)
Something hits you but does no damage.
The orc warrior hits you with a +0 scimitar!
* * * LOW HITPOINT WARNING * * *
Something hits you.
* * * LOW HITPOINT WARNING * * *
As you read the scroll of teleportation, it crumbles to dust.
You feel strangely unstable. Something hits you but does no damage.
The orc warrior hits you with a +0 scimitar!
* * * LOW HITPOINT WARNING * * *
Unknown command.
It was a potion of curing.
You feel better.
The orc warrior hits you with a +0 scimitar!
* * * LOW HITPOINT WARNING * * *
Cast which spell? (? or * to list)
Aiming: Searing Ray (safe; 1% risk of failure)
Press: ? - help, Shift-Dir - straight line, f - orc warrior
Aim: an orc warrior, wielding a +0 scimitar and wearing a +0 chain mail (almost dead, 78% to hit)
The searing ray hits the orc warrior.
You kill the orc warrior! (Press . to maintain the ray.)
Something completely misses you.
Training target 4.0 for Translocations reached!
Your Translocations skill increases to level 4!
You need to enable at least one skill for training.
Training target 2.0 for Fighting reached!
Your Fighting skill gained 2 levels and is now at level 2!
You need to enable at least one skill for training.
Cast which spell? (? or * to list)
Okay, then.
You feel better. Something hits you but does no damage.
Cast which spell? (? or * to list)
Aiming: Searing Ray (safe; 1% risk of failure)
Press: ? - help, Shift-Dir - straight line, f - orc
Aim: an orc, wielding a +0 falchion (moderately wounded, 81% to hit)
The searing ray hits the orc!
You kill the orc! (Press . to maintain the ray.)
Your surroundings seem slightly different.
Cast which spell? (? or * to list)
Aiming: Searing Ray (safe; 1% risk of failure)
Press: ? - help, Shift-Dir - straight line
Aim: Disturbance (translocational energy)
The searing ray hits something. (Press . to maintain the ray.)
You hear some strange, mumbled words.
You are confused.
You feel better.
You hear some strange, mumbled words.
Something tries to affect you, but you resist.
Cast which spell? (? or * to list)
Aiming: Searing Ray (safe; 1% risk of failure)
Press: ? - help, Shift-Dir - straight line The searing ray hits something. (Press . to maintain the ray.)
A magic dart appears from out of thin air!
The magic dart hits something!
Reactivating autopickup.
You feel a bit more experienced.
Deactivating autopickup; reactivate with Ctrl-A.
You miss something. Something hits you.
* * * LOW HITPOINT WARNING * * *
Cast which spell? (? or * to list)
Aiming: Searing Ray (safe; 1% risk of failure)
Press: ? - help, Shift-Dir - straight line The searing ray hits something!
Reactivating autopickup.
You feel a bit more experienced. (Press . to maintain the ray.)
Things that are here:
a +0 dagger; a +0 robe; an orc corpse
Press: ? - help, v - describe, . - travel, g - get item
Items here: a +0 dagger; a +0 robe; an orc corpse.
The floor, spattered with blood.
Things that are here:
a +0 dagger; a +0 robe; an orc corpse
Things that are here:
a +0 scimitar; a +0 chain mail
o - 4 scrolls labelled SOGUOPNETOPH (gained 1)
You see here a +0 falchion.
Things that are here:
a +0 short sword; a +0 leather armour A howler monkey comes into view.
Cast which spell? (? or * to list)
Aiming: Searing Ray (safe; 1% risk of failure)
Press: ? - help, Shift-Dir - straight line, f - howler monkey
Aim: a howler monkey (78% to hit)
The searing ray hits the howler monkey!
The howler monkey is heavily wounded. (Press . to maintain the ray.)
The howler monkey hoots and howls with incredible vigour!
You hear a shout!
You hear an angry hiss. x2
The searing ray hits the howler monkey!
You kill the howler monkey!
Training target 3.0 for Fighting reached!
Your Fighting skill increases to level 3!
You need to enable at least one skill for training.
Training target 2.5 for Dodging reached!
You need to enable at least one skill for training.
Training target 2.6 for Dodging reached!
You need to enable at least one skill for training.
Training target 2.7 for Dodging reached!
You need to enable at least one skill for training.
As you read the scroll labelled SOGUOPNETOPH, it crumbles to dust.
It is a scroll of identify.
e - a scroll of enchant weapon
As you read the scroll of identify, it crumbles to dust.
j - a scroll of magic mapping A bullfrog comes into view.
The bullfrog gives a loud, deep croak!
You hear a shout!
Cast which spell? (? or * to list)
Aiming: Searing Ray (safe; 1% risk of failure)
Press: ? - help, Shift-Dir - straight line, f - bullfrog
Aim: a bullfrog (76% to hit)
The searing ray hits the bullfrog.
The bullfrog is lightly wounded. (Press . to maintain the ray.) Maggie the Vainglorious comes into view.
She is wielding a +0 glaive.
The bullfrog hits you!
Press: ? - help, v - describe, . - travel
Here: Maggie, wielding a +0 glaive and wearing +0 swamp dragon scales The floor.
Unknown command.
You aren't carrying any items that you can evoke.
Unknown command.
The bullfrog hits you.
Cast which spell? (? or * to list)
Aiming: Searing Ray (safe; 1% risk of failure)
Press: ? - help, Shift-Dir - straight line, p - bullfrog
Okay, then.
The bullfrog closely misses you.
Cast which spell? (? or * to list)
You don't know that spell.
Unknown command.
Cast which spell? (? or * to list)
Aiming: Searing Ray (safe; 1% risk of failure)
Press: ? - help, Shift-Dir - straight line, p - bullfrog The searing ray hits the bullfrog!
The bullfrog is heavily wounded. (Press . to maintain the ray.)
The bullfrog hits you.
The searing ray hits the bullfrog!
The bullfrog is almost dead.
The bullfrog hits you. The bullfrog barely misses you.
The searing ray hits the bullfrog!
You kill the bullfrog!
Training target 2.8 for Dodging reached!
You need to enable at least one skill for training.
Training target 2.9 for Dodging reached!
You need to enable at least one skill for training.
Training target 3.0 for Dodging reached!
Your Dodging skill increases to level 3!
You need to enable at least one skill for training.
Training target 3.1 for Dodging reached!
You need to enable at least one skill for training.
Training target 3.2 for Dodging reached!
You need to enable at least one skill for training.
Training target 3.3 for Dodging reached!
You need to enable at least one skill for training.
Training target 3.4 for Dodging reached!
You need to enable at least one skill for training.
Training target 3.5 for Dodging reached!
You need to enable at least one skill for training.
Okay, then.
Cast which spell? (? or * to list) Restarting spell: Searing Ray (safe; 1% risk of failure)
Press: ? - help, Shift-Dir - straight line, f - Maggie
Aim: Maggie, wielding a +0 glaive and wearing +0 swamp dragon scales (83% to hit)
Okay, then.
Unknown command.
Unknown command.
You aren't carrying any items that you can evoke.
Unknown command.
Okay, then.
Okay, then.
Okay, then.
Okay, then.
Throw: throwing net
Press: ? - help, Shift-Dir - straight line, f - Maggie
Aim: Maggie, wielding a +0 glaive and wearing +0 swamp dragon scales (65% to hit)
You throw a throwing net. The throwing net hits Maggie.
Maggie is caught in the net!
Maggie struggles against the net.
Okay, then.
Cast which spell? (? or * to list)
Aiming: Searing Ray (safe; 1% risk of failure)
Press: ? - help, Shift-Dir - straight line, f/p - Maggie
Aim: Maggie, wielding a +0 glaive and wearing +0 swamp dragon scales (entangled in a net, 100% to hit)
The searing ray hits Maggie!
Maggie is lightly wounded. (Press . to maintain the ray.) Maggie struggles against the net.
The searing ray hits Maggie but does no damage.
Maggie is lightly wounded.
Maggie struggles against the net.
The searing ray hits Maggie!
Maggie is moderately wounded.
Maggie struggles against the net.
The searing ray hits Maggie!
Maggie is heavily wounded.
You finish channelling your searing ray.
Maggie struggles against the net.
Okay, then.
Cast which spell? (? or * to list)
Aiming: Searing Ray (safe; 1% risk of failure)
Press: ? - help, Shift-Dir - straight line, f/p - Maggie
Aim: Maggie, wielding a +0 glaive and wearing +0 swamp dragon scales (heavily wounded, entangled in a net, 100% to hit)
The searing ray hits Maggie!
Maggie is heavily wounded. (Press . to maintain the ray.) Maggie gestures at you while chanting.
The bolt of fire hits you!!
* * * LOW HITPOINT WARNING * * *
Maggie struggles against the net.
The searing ray hits Maggie.
Maggie is heavily wounded.
The searing ray hits Maggie!
Maggie is severely wounded.
Maggie struggles against the net.
The net rips apart, and Maggie comes free!
The searing ray hits Maggie.
Maggie is severely wounded.
You finish channelling your searing ray.
Maggie mumbles some strange words.
Maggie attempts to bespell you!
You are mesmerised by Maggie!
Cast which spell? (? or * to list)
Aiming: Searing Ray (safe; 1% risk of failure)
Press: ? - help, Shift-Dir - straight line, f/p - Maggie
Aim: Maggie, wielding a +0 glaive and wearing +0 swamp dragon scales (severely wounded, mesmerising, 83% to hit)
The searing ray hits Maggie!
Maggie is almost dead. (Press . to maintain the ray.)
The searing ray hits Maggie but does no damage.
Maggie is almost dead.
The searing ray hits Maggie.
Maggie is almost dead.
Maggie hits you from afar with a +0 glaive!
You die...

,*8...8 * #...# #..$#* ##...##
, * #8...8#, ### ####...### *
###8###8##.).##8
############..........)....
##.......@†@................
*,........#####...............
, , ....##...#
###8###8##..)##8 #. ,...#...
###*####.))### ..##. #...., *
#8...8#, ... .. ###..# ##...##
, #. *.#. ** .. , *#...#*, , ,
.,, ... @ #...#*, #,..,* *
8...8


You could see Maggie (mesmerising).

Vanquished Creatures
  A black bear (D:5)
  An orc warrior (D:6)
  A bullfrog (D:6)
  A howler monkey (D:6)
  A jelly (D:4)
  2 hounds (D:5)
  A gnoll bouda (D:5)
  An iguana (D:4)
  An orc wizard (D:6)
  6 gnolls
  3 adders
  A dart slug (D:4)
  4 orcs
  4 endoplasms
  3 goblins
  A hobgoblin (D:4)
  2 kobolds
  3 quokkas
  2 ball pythons
  A bat (D:3)
  2 rats
42 creatures vanquished.

Vanquished Creatures (others)
  An orc wizard (D:6)
1 creature vanquished.

Grand Total: 43 creatures vanquished

Notes
Turn   | Place    | Note
-------+----------+-------------------------------------------
     0 | D:1      | jagoly the Meteoran Conjurer began the quest for the Orb.
     0 | D:1      | Reached XP level 1. HP: 14/14 MP: 5/5
   133 | D:2      | Reached skill level 5 in Conjurations
   133 | D:2      | Reached XP level 2. HP: 20/20 MP: 6/6
   136 | D:2      | Learned a level 2 spell: Searing Ray
   209 | D:2      | Reached XP level 3. HP: 26/26 MP: 8/8
   237 | D:3      | Found Tumex's Antique Armour Boutique.
   245 | D:3      | Found Kixking's Armour Emporium.
   254 | D:3      | Reached XP level 4. HP: 12/33 MP: 9/9
   274 | D:3      | Found Modupist's Assorted Antiques.
   281 | D:3      | Bought a scroll labelled BIPPIFR GABUA for 32 gold pieces
   296 | D:3      | Reached skill level 6 in Conjurations
   313 | D:5      | Entered Level 5 of the Dungeon
   369 | D:4      | Reached XP level 5. HP: 26/38 MP: 8/10
   399 | D:4      | Reached skill level 7 in Conjurations
   518 | D:5      | Reached XP level 6. HP: 45/45 MP: 11/11
   528 | D:5      | Learned a level 4 spell: Iskenderun's Mystic Blast
   555 | D:5      | Reached skill level 8 in Conjurations
   555 | D:5      | Reached skill level 1 in Translocations
   587 | D:6      | Found a shadowy altar of Dithmenos.
   636 | D:5      | Noticed a black bear
   642 | D:5      | Killed a black bear
   643 | D:5      | Reached XP level 7. HP: 29/50 MP: 12/12
   740 | D:6      | Noticed Maggie
   759 | D:6      | Slain by Maggie

Illustrated notes

Levels and vault maps discovered:
D:1:      spicycebolla_green_bress_n_ham, layout_basic,
          ebering_ecumenical_altar_webs, minmay_cut_off
D:2:      minmay_diamond_boxcup, layout_basic
D:3:      layout_basic, serial_shops, nicolae_shop_rolling_square, shop,
          nicolae_square_shop, nicolae_square_shop,
          amcnicky_mini_rare_corridor_liquid, guppyfry_early_orc_mine
D:4:      layout_loops_ring
D:5:      layout_gridville, uniq_eustachio
D:6:      lemuel_castle_with_subvaults [lemuel_castle_interior_carwin_2],
          layout_basic, mainiacjoe_overflow_surrounded_room,
          minmay_temple_entry_wispy, serial_corexii_hall,
          corexii_hall_statues_i, corexii_hall_statues_x,
          chequers_hall_statues_y, uniq_prince_ribbit1, uniq_maggie

Skill      XL: |  1  2  3  4  5  6  7 |
---------------+----------------------+-----
Conjurations   | 5 6 7 8 |  8.0
Spellcasting   | 3 |  3.0
Stealth        | 2 |  2.0
Translocations | 3 4 |  4.0
Fighting       | 3 |  3.0
Dodging        | 3 |  3.5

Action                     |  1- 3 |  4- 6 |  7- 9 || total
---------------------------+-------+-------+-------++-------
  Melee: Flail             |       |       |     1 ||     1
  Throw: Throwing net      |       |       |     1 ||     1
   Cast: Magic Dart        |    10 |     7 |       ||    17
         Searing Ray       |     5 |    19 |    15 ||    39
    Use: Scroll            |       |     1 |     3 ||     4
         Potion            |       |       |     3 ||     3
 Armour: Robe              |     2 |     5 |     4 ||    11
  Dodge: Dodged            |     1 |     8 |     5 ||    14
